[Event "Titled Tuesday Blitz January 10 Late 2023"]
[White "Aspire_ie"]
[Black "Thomas, Anysia"]
[BlackFideId "670472"]
[WhiteElo "2352"]
[BlackElo "2147"]
[Result "1-0"]
[Round "04"]
[TimeControl "180+2"]
[Date "2023.01.10"]
[WhiteClock "0:00:19"]
[BlackClock "0:00:10"]

1. e4 c5 2. c4 g6 3. Nc3 Bg7 4. g3 Nc6 5. Bg2 e5 6. Nge2 Nge7 7. O-O O-O 8. a3 d6 9. Rb1 a5 10. d3 Be6 11. Nd5 f5 12. f4 Rb8 13. Be3 b5 14. fxe5 Nxe5 15. Bg5 Bxd5 16. cxd5 h6 17. Bxe7 Qxe7 18. Nf4 Kh7 19. h3 c4 20. d4 Qa7 21. Kh2 Nd3 22. Ne6 Rf6 23. exf5 gxf5 24. Rxf5 Rxf5 25. Be4 Bxd4 26. Bxf5+ Kh8 27. Qh5 Bg7 28. Rf1 Qe3 29. Qg6 Qd2+ 30. Kh1 Ra8 31. Qh7# 1-0


[Site "https://www.chess.com"]

[Event "Titled Tuesday Blitz January 10 Late 2023"]
[White "Ward, Ieuan C"]
[Black "Adel, Sara"]
[WhiteFideId "406627"]
[BlackFideId "10616764"]
[WhiteElo "2028"]
[BlackElo "1739"]
[Result "0-1"]
[Round "04"]
[TimeControl "180+2"]
[Date "2023.01.10"]
[WhiteClock "0:01:09"]
[BlackClock "0:01:40"]

1. e4 c6 2. d4 d5 3. Nc3 dxe4 4. Nxe4 Bf5 5. Ng3 Bg6 6. Nf3 Nd7 7. h4 h6 8. h5 Bh7 9. Bd3 Bxd3 10. Qxd3 Ngf6 11. Bd2 e6 12. O-O-O a5 13. Ne4 a4 14. a3 b5 15. Ne5 Nxe5 16. dxe5 Qxd3 17. cxd3 Nxe4 18. dxe4 O-O-O 19. Ba5 Rxd1+ 20. Rxd1 Bc5 21. Rd2 Re8 22. Kd1 Re7 23. Ke2 Rd7 24. Rc2 Bd4 25. Rxc6+ Kb7 26. Rc2 Bxe5 27. Bc3 Bxc3 28. Rxc3 Rd4 29. Ke3 Rd1 30. g4 Rg1 31. Kf3 g5 32. Rc5 Kb6 33. Rc8 Rb1 34. Rh8 Rxb2 35. Rxh6 Rb3+ 36. Ke2 Rxa3 37. Rf6 Rh3 38. Kd2 a3 39. Kc2 b4 40. f3 Rh2+ 41. Kb1 b3 42. Rxf7 Rh1# 0-1


[Site "https://www.chess.com"]

[Event "Titled Tuesday Blitz January 10 Late 2023"]
[White "Aung Thant Zin"]
[Black "Guimaraes, Wagner Peixoto"]
[WhiteFideId "13000063"]
[BlackFideId "2100940"]
[WhiteElo "2268"]
[BlackElo "2194"]
[Result "1-0"]
[Round "04"]
[TimeControl "180+2"]
[Date "2023.01.10"]
[WhiteClock "0:00:11"]
[BlackClock "0:00:03"]

1. e4 c5 2. Nf3 d6 3. d4 cxd4 4. Nxd4 Nf6 5. Nc3 a6 6. g3 g6 7. Bg2 Bg7 8. O-O O-O 9. h3 Nc6 10. Be3 Ne5 11. b3 Qc7 12. Nd5 Nxd5 13. exd5 Rb8 14. c4 Nd7 15. Rc1 Nf6 16. Re1 Bd7 17. Qd2 Rfe8 18. b4 b6 19. Nc6 Bxc6 20. dxc6 b5 21. cxb5 axb5 22. Red1 Red8 23. Qc2 d5 24. a4 e5 25. axb5 d4 26. Bg5 Rxb5 27. Qc4 Rdb8 28. Bd2 Bf8 29. Rb1 Be7 30. Rb3 Kg7 31. Ra1 R8b6 32. Ra5 Rxa5 33. bxa5 Rxb3 34. Qxb3 e4 35. Qb7 Qe5 36. c7 e3 37. fxe3 dxe3 38. Be1 Bc5 39. Kh2 Bd6 40. c8=Q h5 41. Qc3 Qe6 42. Qf3 h4 43. Kh1 Be5 44. Qcc6 Qb3 45. gxh4 Qb1 46. Qf1 Nh5 47. Qd5 Bf6 48. Qdd3 Qb8 49. Qxe3 Qd8 50. Qef3 Qe7 51. Qxf6+ Nxf6 52. Bc3 1-0


[Site "https://www.chess.com"]

[Event "Titled Tuesday Blitz January 10 Late 2023"]
[White "Hoffmann, Asa"]
[Black "Almedina Ortiz, Edgardo J."]
[WhiteFideId "2001470"]
[BlackFideId "3100197"]
[WhiteElo "2185"]
[BlackElo "2156"]
[Result "1-0"]
[Round "04"]
[TimeControl "180+2"]
[Date "2023.01.10"]
[WhiteClock "0:01:19"]
[BlackClock "0:00:12"]

1. d4 Nf6 2. Bg5 d5 3. Nd2 c5 4. e3 Nc6 5. c3 Qb6 6. b3 Bf5 7. f4 e6 8. Ngf3 cxd4 9. exd4 Rc8 10. Be2 Ba3 11. O-O Bb2 12. Ne5 Bxc3 13. Nxc6 Rxc6 14. Nf3 Bxa1 15. Qxa1 Ne4 16. Bh4 O-O 17. Ne5 Rc7 18. g4 Bg6 19. f5 exf5 20. gxf5 f6 21. fxg6 fxe5 22. gxh7+ Kxh7 23. Rxf8 Qxd4+ 24. Qxd4 exd4 25. Bd3 Rc3 26. Rf3 Kh6 27. Bxe4 dxe4 28. Rxc3 dxc3 29. Be1 c2 30. Bd2+ Kg6 31. Kf2 Kf5 32. Ke3 Ke5 33. h4 g6 34. Bc1 Kf5 35. a4 a6 36. b4 b5 37. axb5 axb5 38. Kd4 Kg4 39. Kxe4 Kxh4 40. Kd3 g5 41. Kxc2 g4 42. Kd3 g3 43. Kd4 g2 44. Be3 Kg3 45. Kc5 Kf3 46. Bd4 Ke4 47. Bg1 1-0


[Site "https://www.chess.com"]

[Event "Titled Tuesday Blitz January 10 Late 2023"]
[White "Zanette, Edgard Vinicius"]
[Black "MunichMouse"]
[WhiteFideId "2109263"]
[WhiteElo "2085"]
[BlackElo "1993"]
[Result "1-0"]
[Round "04"]
[TimeControl "180+2"]
[Date "2023.01.10"]
[WhiteClock "0:00:14"]
[BlackClock "0:00:01"]

1. e4 c5 2. Nc3 a6 3. f4 Nc6 4. Nf3 g6 5. d4 cxd4 6. Nxd4 Bg7 7. Nxc6 bxc6 8. Be3 Nh6 9. Bd4 O-O 10. Bxg7 Kxg7 11. Qd4+ f6 12. O-O-O Rb8 13. Bc4 Qb6 14. Qxb6 Rxb6 15. Na4 Rb4 16. b3 d6 17. a3 Rb8 18. h3 Nf7 19. g4 a5 20. Rhe1 Nd8 21. f5 Nf7 22. Bxf7 Kxf7 23. Re3 Ba6 24. c4 c5 25. Kc2 g5 26. Nc3 h5 27. gxh5 Rh8 28. Nd5 Rxh5 29. Rg1 Rbh8 30. Rgg3 Rh4 31. Kc3 Bb7 32. b4 Bxd5 33. exd5 cxb4+ 34. axb4 Rc8 35. Rg4 axb4+ 36. Kb3 Rhh8 37. Rge4 Rc7 38. Kxb4 Rb8+ 39. Kc3 Ra7 40. Kd4 Rb1 41. h4 Rd1+ 42. Rd3 Rxd3+ 43. Kxd3 Ra3+ 44. Kd4 Rg3 45. c5 dxc5+ 46. Kxc5 g4 47. h5 Rg1 48. h6 Rc1+ 49. Kb6 g3 50. Rg4 Rh1 51. Rg7+ Kf8 52. Rxg3 Rxh6 53. Kc7 Rh5 54. Rf3 Ke8 55. d6 1-0


[Site "https://www.chess.com"]

[Event "Titled Tuesday Blitz January 10 Late 2023"]
[White "Cueto, Jonny"]
[Black "Vargas, Mauricio"]
[WhiteFideId "3300145"]
[BlackFideId "4404572"]
[WhiteElo "2122"]
[BlackElo "2035"]
[Result "1-0"]
[Round "04"]
[TimeControl "180+2"]
[Date "2023.01.10"]
[WhiteClock "0:00:04"]
[BlackClock "0:00:07"]

1. d4 d5 2. Bf4 h5 3. Nf3 Bg4 4. Nbd2 e6 5. h3 Bf5 6. c4 Bd6 7. g3 c6 8. Qb3 dxc4 9. Qxb7 Bxf4 10. gxf4 Nd7 11. Nxc4 Nb6 12. Qxc6+ Kf8 13. Qd6+ Ne7 14. Nfe5 Nxc4 15. Nxc4 Qxd6 16. Nxd6 Rd8 17. Nxf5 Nxf5 18. e3 f6 19. Rc1 e5 20. dxe5 fxe5 21. fxe5 Kg8 22. Bg2 Kh7 23. Be4 g6 24. Rc7+ Kh6 25. Bxf5 gxf5 26. Rg1 Rh7 27. Rc6+ Rd6 28. Rxd6# 1-0


[Site "https://www.chess.com"]

[Event "Titled Tuesday Blitz January 10 Late 2023"]
[White "Papp, Petra"]
[Black "Lutz, Igor Oscar"]
[WhiteFideId "739049"]
[BlackFideId "2110806"]
[WhiteElo "2343"]
[BlackElo "1969"]
[Result "1-0"]
[Round "04"]
[TimeControl "180+2"]
[Date "2023.01.10"]
[WhiteClock "0:00:01"]
[BlackClock "0:00:05"]

1. e4 c5 2. Nf3 Nc6 3. d4 cxd4 4. Nxd4 d6 5. Nc3 Nf6 6. Be3 Ng4 7. Bc1 Qb6 8. Nce2 e5 9. h3 Nxf2 10. Kxf2 Nxd4 11. Be3 Qc6 12. Nc3 a6 13. Bxd4 exd4 14. Qxd4 Be6 15. Bd3 Qc5 16. Ne2 Be7 17. c3 Bf6 18. Qxc5 dxc5 19. Nf4 Ke7 20. g4 Be5 21. Nxe6 Kxe6 22. Ke3 Rad8 23. Rad1 b5 24. Rd2 c4 25. Bc2 Rxd2 26. Kxd2 Rd8+ 27. Ke3 f6 28. Rd1 Rxd1 29. Bxd1 g5 30. a4 h6 31. axb5 axb5 32. Kf3 Kd6 33. Ke3 Kc5 34. Kf3 b4 35. cxb4+ Kxb4 36. Ke3 Bxb2 37. Kd2 Be5 38. Kc2 Kc5 39. Bf3 Kd4 40. Kd2 c3+ 41. Ke2 Bf4 42. Kd1 Ke3 43. Bg2 Be5 44. Kc2 Kf2 45. Bh1 Kg1 46. Bf3 Kh2 47. Be2 Kxh3 48. Kd3 Kg3 49. Kc2 Kf4 50. Kd3 Kg3 51. Kc2 Kf2 52. Bd1 Ke3 53. Kb3 Kxe4 54. Kc2 1-0


[Site "https://www.chess.com"]

[Event "Titled Tuesday Blitz January 10 Late 2023"]
[White "Andreikin, Dmitry"]
[Black "Moroni, Luca Jr"]
[WhiteFideId "4158814"]
[BlackFideId "865834"]
[WhiteElo "2729"]
[BlackElo "2535"]
[Result "1-0"]
[Round "05"]
[TimeControl "180+2"]
[Date "2023.01.10"]
[WhiteClock "0:00:32"]
[BlackClock "0:00:04"]

1. d4 g6 2. Nf3 Bg7 3. c4 d6 4. Nc3 Nc6 5. d5 Ne5 6. Nxe5 Bxe5 7. e4 Nf6 8. Bd3 O-O 9. O-O e6 10. Bg5 exd5 11. cxd5 h6 12. Bh4 g5 13. Bg3 Qe7 14. Rc1 c5 15. dxc6 bxc6 16. f4 gxf4 17. Bxf4 Bxf4 18. Rxf4 Be6 19. Ne2 Ng4 20. Qd2 Ne5 21. Nd4 Qg5 22. h4 Qg3 23. Rc3 Ng4 24. Nf3 c5 25. e5 dxe5 26. Rxg4+ Qxg4 27. Qxh6 Qg7 28. Qh5 f6 29. Nxe5 fxe5 30. Bh7+ Kh8 31. Bf5+ Kg8 32. Bxe6+ Rf7 33. Rf3 1-0


[Site "https://www.chess.com"]

[Event "Titled Tuesday Blitz January 10 Late 2023"]
[White "Sevian, Samuel"]
[Black "Hansen, Eric"]
[WhiteFideId "2040506"]
[BlackFideId "2606771"]
[WhiteElo "2684"]
[BlackElo "2609"]
[Result "1/2-1/2"]
[Round "05"]
[TimeControl "180+2"]
[Date "2023.01.10"]
[WhiteClock "0:00:31"]
[BlackClock "0:02:00"]

1. d4 Nf6 2. c4 e6 3. Nf3 d5 4. g3 Bb4+ 5. Bd2 Be7 6. Bg2 O-O 7. Qc2 c6 8. Bc3 dxc4 9. a4 Nd5 10. a5 Nd7 11. Nbd2 b5 12. axb6 N7xb6 13. Ba5 Ba6 14. O-O Qc8 15. Ne5 c5 16. dxc5 Bxc5 17. Ne4 Be7 18. h4 h6 19. Rfd1 Bb7 20. Rac1 Nb4 21. Bxb4 Bxb4 22. Nxc4 Qxc4 23. Qxc4 Nxc4 24. Rxc4 a5 25. Nf6+ gxf6 26. Bxb7 Rad8 27. Rxd8 Rxd8 28. Rc8 Rxc8 29. Bxc8 1/2-1/2


[Site "https://www.chess.com"]

[Event "Titled Tuesday Blitz January 10 Late 2023"]
[White "Sanal, Vahap"]
[Black "Theodorou, Nikolas"]
[WhiteFideId "6300545"]
[BlackFideId "4262875"]
[WhiteElo "2600"]
[BlackElo "2591"]
[Result "1-0"]
[Round "05"]
[TimeControl "180+2"]
[Date "2023.01.10"]
[WhiteClock "0:00:07"]
[BlackClock "0:00:05"]

1. e4 c5 2. Nf3 Nc6 3. Bb5 e6 4. O-O Nge7 5. Re1 h6 6. c3 a6 7. Ba4 b5 8. Bc2 c4 9. d4 cxd3 10. Bxd3 Bb7 11. a4 b4 12. c4 Ng6 13. b3 Bc5 14. Bb2 O-O 15. Nbd2 Qb6 16. Rf1 Nce7 17. e5 d6 18. exd6 Bxd6 19. Ne4 Bc7 20. Re1 Rad8 21. Qc2 Nf5 22. Rad1 Nf4 23. Bf1 Rxd1 24. Rxd1 Qc6 25. Re1 Rd8 26. Ne5 Qe8 27. c5 Nd4 28. Bxd4 Rxd4 29. c6 Ba8 30. Nf3 Rd8 31. Rc1 a5 32. Bb5 Nd5 33. g3 Qe7 34. Kg2 Bb6 35. Rd1 Qa7 36. Ne5 Bxf2 37. Qxf2 Ne3+ 38. Qxe3 Qxe3 39. Rxd8+ Kh7 40. Bd3 f5 41. Nf2 Qxe5 42. Rxa8 Qd5+ 43. Kg1 Qxc6 44. Rxa5 Qc3 45. Bc4 e5 46. Rc5 Qd4 47. Rd5 Qe3 48. Rd1 e4 49. a5 Qc3 50. a6 e3 51. Nd3 Qc2 52. Re1 Qd2 53. a7 Qa2 54. Rxe3 Qxa7 55. Kf2 Qd4 56. Ke2 g5 57. Rf3 Kg6 58. Re3 Kf6 59. Re6+ Kg7 60. Re7+ Kf6 61. Re6+ Kg7 62. Re5 Kf6 63. Rd5 Qe4+ 64. Kf2 f4 65. gxf4 gxf4 66. Rd6+ Kg7 67. Rd7+ Kf6 68. Rf7+ Kg5 69. h4+ Kh5 70. Rxf4 Qb7 71. Bf7+ 1-0


[Site "https://www.chess.com"]

[Event "Titled Tuesday Blitz January 10 Late 2023"]
[White "Bortnyk, Olexandr"]
[Black "Ivic, Velimir"]
[WhiteFideId "14120828"]
[BlackFideId "950122"]
[WhiteElo "2605"]
[BlackElo "2595"]
[Result "1/2-1/2"]
[Round "05"]
[TimeControl "180+2"]
[Date "2023.01.10"]
[WhiteClock "0:01:41"]
[BlackClock "0:00:22"]

1. e4 c5 2. c3 d5 3. exd5 Nf6 4. d4 cxd4 5. Nf3 Nxd5 6. Nxd4 e5 7. Nb5 Be6 8. Bc4 Nf4 9. Qa4 Nxg2+ 10. Kf1 Bxc4+ 11. Qxc4 Nf4 12. Bxf4 Qd1+ 13. Kg2 Qg4+ 14. Kf1 Qd1+ 15. Kg2 Qg4+ 16. Kf1 Qd1+ 1/2-1/2


[Site "https://www.chess.com"]

[Event "Titled Tuesday Blitz January 10 Late 2023"]
[White "Paravyan, David"]
[Black "Baskakov, Egor"]
[WhiteFideId "4194985"]
[BlackFideId "24197866"]
[WhiteElo "2601"]
[BlackElo "2215"]
[Result "1-0"]
[Round "05"]
[TimeControl "180+2"]
[Date "2023.01.10"]
[WhiteClock "0:01:28"]
[BlackClock "0:01:30"]

1. e4 c5 2. Nf3 Nf6 3. Nc3 d5 4. exd5 Nxd5 5. Bb5+ Bd7 6. Ne5 e6 7. Nxd7 Nxd7 8. Nxd5 exd5 9. O-O a6 10. Bxd7+ Qxd7 11. d4 O-O-O 12. Be3 c4 13. b3 Bd6 14. Qf3 Rhe8 15. Rab1 Re6 16. g3 c3 17. Qxd5 Kb8 18. Rbd1 g6 19. Rd3 Qc7 20. Qc4 Qxc4 21. bxc4 Rc8 22. c5 Bf8 23. Rxc3 Re4 24. Rb3 1-0


[Site "https://www.chess.com"]

[Event "Titled Tuesday Blitz January 10 Late 2023"]
[White "Zakhartsov, Vladimir"]
[Black "Jobava, Baadur"]
[WhiteFideId "4145097"]
[BlackFideId "13601520"]
[WhiteElo "2552"]
[BlackElo "2578"]
[Result "1-0"]
[Round "05"]
[TimeControl "180+2"]
[Date "2023.01.10"]
[WhiteClock "0:00:11"]
[BlackClock "0:00:15"]

1. d4 d5 2. c4 dxc4 3. e3 e5 4. Bxc4 exd4 5. Nf3 Bb4+ 6. Bd2 Bxd2+ 7. Qxd2 Nc6 8. Bb5 Ne7 9. Nxd4 Bd7 10. Nc3 O-O 11. Nxc6 Bxc6 12. Bxc6 Nxc6 13. Qxd8 Rfxd8 14. Ke2 Kf8 15. Rac1 Rd7 16. Rhd1 Rxd1 17. Rxd1 Ke8 18. g4 Rd8 19. Rc1 Ne5 20. h3 c6 21. Ne4 Ke7 22. f4 Nd7 23. g5 Nf8 24. Nc5 b6 25. Nd3 Rd6 26. Ne5 c5 27. b4 Ne6 28. h4 f6 29. Nc4 Rd5 30. b5 h5 31. a4 Rd8 32. a5 Rb8 33. axb6 axb6 34. Ra1 Nc7 35. Ra7 Kd8 36. Kf3 fxg5 37. hxg5 g6 38. Ne5 Kc8 39. Nxg6 Nxb5 40. Ne7+ Kd8 41. Nc6+ Kc8 42. Nxb8 Nxa7 43. g6 Kxb8 44. g7 Nc6 45. g8=Q+ Kb7 46. Qd5 Kc7 47. f5 c4 48. Qxc4 Kd6 49. Qe6+ Kc5 50. f6 Nd8 51. Qe7+ 1-0


[Site "https://www.chess.com"]

[Event "Titled Tuesday Blitz January 10 Late 2023"]
[White "Martinez Alcantara, Jose Eduardo"]
[Black "Bryakin, Mikhail"]
[WhiteFideId "3805662"]
[BlackFideId "4165314"]
[WhiteElo "2619"]
[BlackElo "2455"]
[Result "1-0"]
[Round "05"]
[TimeControl "180+2"]
[Date "2023.01.10"]
[WhiteClock "0:01:36"]
[BlackClock "0:00:30"]

1. e4 d5 2. exd5 Qxd5 3. Nc3 Qe5+ 4. Be2 Bg4 5. d4 Bxe2 6. Ngxe2 Qa5 7. b4 Qh5 8. Qd3 Nc6 9. d5 O-O-O 10. Qb5 Ne5 11. Qa4 a6 12. b5 Qg4 13. Bf4 Qxg2 14. O-O-O Ng6 15. bxa6 Nxf4 16. a7 Nxe2+ 17. Nxe2 Qg5+ 18. f4 1-0


[Site "https://www.chess.com"]

[Event "Titled Tuesday Blitz January 10 Late 2023"]
[White "Talibov, Shiroghlan"]
[Black "Svane, Rasmus"]
[WhiteFideId "13429078"]
[BlackFideId "4657101"]
[WhiteElo "2359"]
[BlackElo "2623"]
[Result "1/2-1/2"]
[Round "05"]
[TimeControl "180+2"]
[Date "2023.01.10"]
[WhiteClock "0:00:06"]
[BlackClock "0:00:12"]

1. e4 c6 2. c4 d5 3. exd5 cxd5 4. d4 Nf6 5. Nc3 Nc6 6. Bg5 dxc4 7. d5 Ne5 8. Qd4 h6 9. Bh4 Ng6 10. Bg3 e5 11. Bxe5 Nxe5 12. Qxe5+ Be7 13. O-O-O Qd6 14. Qxd6 Bxd6 15. Bxc4 O-O 16. Nf3 a6 17. Bd3 Bd7 18. Kb1 Rac8 19. Rhe1 Rc5 20. Nd4 g6 21. Ne4 Nxe4 22. Bxe4 Rfc8 23. h3 Kg7 24. Bf3 Kg8 25. a3 b5 26. Nc6 Kf8 27. g4 Rc4 28. Ne5 Bxe5 29. Rxe5 Rf4 30. Re3 Re8 31. Rxe8+ Kxe8 32. Rd3 Ke7 33. d6+ Kf6 34. Kc1 Ke5 35. Kd2 Rf6 36. b4 h5 37. Ke3 hxg4 38. hxg4 Rxd6 39. Rxd6 Kxd6 40. Kf4 Bc8 41. Kg5 Ke5 42. Bc6 Kd6 43. Be8 Ke7 44. Bc6 f6+ 45. Kxg6 Bxg4 46. Bb7 Bd7 47. Bxa6 Be8+ 48. Kf5 Bd7+ 49. Kf4 Kd6 50. Bb7 Be6 51. Ke4 Bd7 52. Kd4 Be6 53. Be4 Bd7 54. Bd5 Be8 55. Bb3 Bd7 56. Ke4 Bc6+ 57. Kf5 Ke7 58. Bc2 Bd7+ 59. Kf4 Bc6 60. Be4 Be8 61. Bd5 Bd7 62. Ke4 Kd6 63. Kd4 Be8 64. f4 Bd7 65. Bb3 Be8 66. Bc2 Bc6 67. Bd3 Bd7 68. Ke4 Bc6+ 69. Kf5 Ke7 70. Kg6 Be8+ 71. Kg7 Bc6 72. Bf5 Be8 73. Be4 Bd7 74. Bd5 Be8 75. Bb3 Bc6 76. Kg6 Bd7 77. Bd5 Be8+ 78. Kf5 Bd7+ 79. Ke4 Kd6 80. Kd4 Be8 81. Be4 Bd7 82. Bd3 Bc6 83. Bc2 Bd7 84. Bb3 Be8 85. Kc3 Bd7 86. Ba2 Be8 87. Kb2 Bd7 88. Bb3 Be8 89. Kc3 Bd7 90. Bg8 Bc6 91. Kd4 Bd7 92. Bh7 Be8 93. Bc2 Bc6 94. Bd1 Bd7 95. Be2 Be8 96. Bf1 Bd7 97. Bg2 Be8 98. Bb7 Bd7 99. Ba6 Be8 100. Bb7 Bd7 101. Be4 Be8 102. Bd3 Bd7 103. Bc2 Be8 104. Bd1 Bd7 105. Kc3 Kd5 106. Bc2 Be8 107. Bd3 Bd7 108. Bc2 Be8 109. Bb1 Bd7 110. Bc2 1/2-1/2


[Site "https://www.chess.com"]

[Event "Titled Tuesday Blitz January 10 Late 2023"]
[White "Naroditsky, Daniel"]
[Black "Kuznetsov, Felix"]
[WhiteFideId "2026961"]
[BlackFideId "34147990"]
[WhiteElo "2618"]
[BlackElo "2254"]
[Result "1-0"]
[Round "05"]
[TimeControl "180+2"]
[Date "2023.01.10"]
[WhiteClock "0:00:21"]
[BlackClock "0:00:43"]

1. e4 c5 2. Nf3 Nc6 3. Bb5 d6 4. O-O Bd7 5. Re1 Nf6 6. c3 a6 7. Bf1 Bg4 8. h3 Bxf3 9. Qxf3 g6 10. d3 Bg7 11. Nd2 O-O 12. Qd1 Nd7 13. Nf3 b5 14. d4 b4 15. Be3 bxc3 16. bxc3 Qa5 17. Qd3 Rfb8 18. Rec1 Rb2 19. Nd2 Qa4 20. Nc4 Rxa2 21. Rxa2 Qxa2 22. Qd1 Rb8 23. Ra1 Qb3 24. Qxb3 Rxb3 25. Rxa6 cxd4 26. cxd4 Nxd4 27. Ra7 Nc5 28. Ra8+ Bf8 29. Bxd4 Nxe4 30. Nb6 e5 31. Be3 Kg7 32. Bc4 Rb1+ 33. Kh2 Nc5 34. Bxc5 dxc5 35. Ra7 Bd6 36. Rxf7+ Kh6 37. Nc8 Bb8 38. Ne7 e4+ 39. g3 e3 40. Ng8+ Kg5 41. h4+ Kg4 42. Be2# 1-0


[Site "https://www.chess.com"]

[Event "Titled Tuesday Blitz January 10 Late 2023"]
[White "Borges Feria, Yasel"]
[Black "Deac, Bogdan-Daniel"]
[WhiteFideId "3504921"]
[BlackFideId "1226380"]
[WhiteElo "2439"]
[BlackElo "2700"]
[Result "0-1"]
[Round "05"]
[TimeControl "180+2"]
[Date "2023.01.10"]
[WhiteClock "0:00:06"]
[BlackClock "0:00:08"]

1. e4 c5 2. Nf3 d6 3. d4 cxd4 4. Nxd4 Nf6 5. Nc3 e5 6. Bb5+ Nbd7 7. Nde2 Be7 8. f3 O-O 9. Bxd7 Bxd7 10. Be3 Bc6 11. Qd2 b5 12. O-O Qc7 13. Rfd1 Rfc8 14. a3 a5 15. Ng3 b4 16. axb4 axb4 17. Na2 b3 18. cxb3 d5 19. exd5 Bxd5 20. Nc3 Bxb3 21. Rxa8 Rxa8 22. Rc1 Qd7 23. Qxd7 Nxd7 24. Nf5 Bf8 25. Ne4 Be6 26. Nfg3 Rb8 27. Nc5 Bxc5 28. Bxc5 Rxb2 29. Ne4 h6 30. Bf2 Bf5 31. Nd6 Bg6 32. h4 Rd2 33. Nc4 Rd3 34. Nb2 Rb3 35. Nc4 e4 36. fxe4 Bxe4 37. Ne3 Nf6 38. g3 Bf3 39. Rc2 Rb1+ 40. Nf1 Ne4 41. Ra2 f5 42. Rc2 Kh7 43. Be3 Nxg3 44. Kf2 Nxf1 45. Kxf3 Rb3 46. Re2 Nxe3 47. Rxe3 Rxe3+ 48. Kxe3 g5 49. hxg5 hxg5 50. Kd4 Kg6 51. Ke5 f4 52. Ke4 Kh5 0-1


[Site "https://www.chess.com"]

[Event "Titled Tuesday Blitz January 10 Late 2023"]
[White "Xiong, Jeffery"]
[Black "Riehle, Marco"]
[WhiteFideId "2047640"]
[BlackFideId "12904392"]
[WhiteElo "2692"]
[BlackElo "2368"]
[Result "1-0"]
[Round "05"]
[TimeControl "180+2"]
[Date "2023.01.10"]
[WhiteClock "0:02:00"]
[BlackClock "0:01:29"]

1. e4 e5 2. Nf3 Nf6 3. Nc3 Nc6 4. d4 exd4 5. Nxd4 Nxe4 6. Nxe4 Qe7 7. Bd3 Nxd4 8. O-O Ne6 9. Re1 d5 10. Ng3 Bd7 11. f4 g6 12. f5 gxf5 13. Nxf5 Qf6 14. Bf4 Rg8 15. Bxc7 Bc5+ 16. Kh1 Qg5 17. Bg3 O-O-O 18. b4 Bf8 19. Qf3 Qg4 20. Qf2 d4 21. Re4 Qg5 22. Nxd4 Nxd4 23. Qxd4 Bc6 24. Qxa7 Bd6 25. Rc4 Bxg3 26. Rxc6+ Kd7 27. Qxb7+ Ke8 28. hxg3 Qxg3 29. Re6+ Kf8 30. Qe7+ Kg7 31. Qf6+ Kf8 32. Qxd8+ 1-0


[Site "https://www.chess.com"]

[Event "Titled Tuesday Blitz January 10 Late 2023"]
[White "Aravindh, Chithambaram VR."]
[Black "Sokolovsky, Yahli"]
[WhiteFideId "5072786"]
[BlackFideId "2820242"]
[WhiteElo "2633"]
[BlackElo "2461"]
[Result "0-1"]
[Round "05"]
[TimeControl "180+2"]
[Date "2023.01.10"]
[WhiteClock "0:00:02"]
[BlackClock "0:00:05"]

1. b3 d5 2. Bb2 Bf5 3. Nf3 e6 4. d3 Nc6 5. Nbd2 d4 6. g3 Nf6 7. Bg2 Bc5 8. O-O O-O 9. Nh4 Bg6 10. Nxg6 hxg6 11. a3 a5 12. Ne4 Nxe4 13. Bxe4 Qd6 14. h4 Rab8 15. Qd2 Bb6 16. Qg5 Ne7 17. h5 f6 18. Qh4 g5 19. Qh1 c6 20. h6 g6 21. Rae1 Kh7 22. Bc1 e5 23. e3 Nd5 24. Bd2 dxe3 25. fxe3 f5 26. Bg2 Nf6 27. Bc1 Ng4 28. Bf3 Nf6 29. Qg2 Kxh6 30. Rd1 Kg7 31. d4 e4 32. Be2 Bc7 33. c4 Qxg3 34. Qxg3 Bxg3 35. Bb2 Rbd8 36. d5 cxd5 37. cxd5 Kf7 38. Bc4 Bd6 39. Bd4 Rh8 40. Rc1 Rh3 41. Kf2 Rh2+ 42. Ke1 Rdh8 43. Bc3 Rg2 44. Be2 Rhh2 45. Rc2 Ng4 46. Bd4 Bg3+ 47. Kd1 Nf2+ 48. Kc1 Ke7 49. d6+ Bxd6 50. b4 Nd3+ 51. Bxd3 exd3 52. Rxg2 Rxg2 53. bxa5 Bxa3+ 54. Kd1 Bb4 55. Rh1 Ke6 56. e4 fxe4 57. a6 bxa6 58. Rh6 Kf5 59. Rh7 Rd2+ 60. Kc1 Rc2+ 61. Kd1 Rc4 62. Be3 Ba3 63. Rf7+ Kg4 64. Rf2 Bd6 65. Rg2+ Kf3 66. Ra2 Kxe3 67. Rg2 Bf4 68. Rg3+ Kd4 0-1


[Site "https://www.chess.com"]

[Event "Titled Tuesday Blitz January 10 Late 2023"]
[White "Nakamura, Hikaru"]
[Black "Papasimakopoulos, Alexandros"]
[WhiteFideId "2016192"]
[BlackFideId "4244125"]
[WhiteElo "2775"]
[BlackElo "2401"]
[Result "1-0"]
[Round "05"]
[TimeControl "180+2"]
[Date "2023.01.10"]
[WhiteClock "0:01:16"]
[BlackClock "0:00:05"]

1. Nf3 d5 2. g3 Nf6 3. Bg2 c6 4. d3 Bf5 5. Nbd2 h6 6. c4 e6 7. b3 Be7 8. Bb2 Nbd7 9. O-O O-O 10. a3 a5 11. Re1 Bh7 12. Qc2 b5 13. Rec1 a4 14. cxb5 cxb5 15. b4 Rc8 16. Qd1 Qb6 17. Nd4 Rfd8 18. Rxc8 Rxc8 19. Rc1 Rxc1 20. Qxc1 Qb7 21. Nb1 Ne8 22. Qc6 Qxc6 23. Nxc6 Bf6 24. Bxf6 gxf6 25. Nc3 Nc7 26. Na7 Nb6 27. Naxb5 Nxb5 28. Nxb5 Kf8 29. f4 f5 30. Kf2 Ke7 31. Ke3 Kd7 32. Kd4 Kc6 33. Nc3 f6 34. Ke3 Bg6 35. Kd2 Kd6 36. Nb5+ Kc6 37. Nd4+ Kd6 38. Bh3 Nc8 39. e3 Kd7 40. Bf1 Nd6 41. Be2 e5 42. Nf3 Ke6 43. Bd1 Be8 44. Ng1 d4 45. exd4 exd4 46. Nf3 Kd5 47. Ne1 Ke6 48. Kc1 Bc6 49. Kb2 Kd7 50. Bh5 Nb5 51. Bg6 Ke6 52. Nc2 Bf3 53. Be8 Nc3 54. Nxd4+ Ke7 55. Nxf3 1-0


[Site "https://www.chess.com"]

[Event "Titled Tuesday Blitz January 10 Late 2023"]
[White "Dubov, Daniil"]
[Black "Djordjevic, Vuk"]
[WhiteFideId "24126055"]
[BlackFideId "902098"]
[WhiteElo "2708"]
[BlackElo "2375"]
[Result "1-0"]
[Round "05"]
[TimeControl "180+2"]
[Date "2023.01.10"]
[WhiteClock "0:02:23"]
[BlackClock "0:01:15"]

1. d4 Nf6 2. Nf3 e6 3. Bg5 d5 4. Nbd2 Be7 5. e3 b6 6. c3 O-O 7. Ne5 Bb7 8. Bd3 h6 9. h4 Nfd7 10. Qh5 Nxe5 11. dxe5 Bxg5 12. hxg5 Qxg5 13. Bh7+ Kh8 14. Qxg5 hxg5 15. Nf3 f6 16. Bf5+ Kg8 17. Bxe6+ Rf7 18. exf6 gxf6 19. Bxf7+ Kxf7 20. Rh7+ 1-0


[Site "https://www.chess.com"]

[Event "Titled Tuesday Blitz January 10 Late 2023"]
[White "Fedoseev, Vladimir"]
[Black "Wieczorek, Oskar"]
[WhiteFideId "24130737"]
[BlackFideId "1133950"]
[WhiteElo "2680"]
[BlackElo "2512"]
[Result "1-0"]
[Round "05"]
[TimeControl "180+2"]
[Date "2023.01.10"]
[WhiteClock "0:00:17"]
[BlackClock "0:00:12"]

1. e4 c5 2. Nf3 e6 3. d4 cxd4 4. Nxd4 Nf6 5. Bd3 Nc6 6. Nxc6 bxc6 7. Bf4 d5 8. Nd2 Be7 9. O-O O-O 10. c4 Bb7 11. Qc2 h6 12. Rad1 Nd7 13. Be3 Nc5 14. Bxc5 Bxc5 15. cxd5 Be7 16. dxe6 fxe6 17. Bc4 Kh8 18. Bxe6 Qd6 19. Bf5 Qf6 20. Nf3 g6 21. Bh3 Rad8 22. Rxd8 Rxd8 23. b3 c5 24. Re1 Qf4 25. Qc3+ Bf6 26. e5 Bg7 27. Qxc5 Re8 28. e6 Bxf3 29. gxf3 Bd4 30. Qb5 Re7 31. Re4 Qc1+ 32. Kg2 Qd2 33. Re2 Qc3 34. Qd5 Bf6 35. f4 Kg7 36. Bg4 h5 37. Bf3 Qc7 38. f5 g5 39. Bxh5 Qf4 40. Qf3 Qh4 41. Qg4 Qxg4+ 42. Bxg4 Bd4 43. Rd2 Bb6 44. Rd7 Kf6 45. Rxe7 Kxe7 46. f4 gxf4 47. Kf3 Bc7 48. h4 Kf6 49. h5 Be5 50. h6 Ke7 1-0


[Site "https://www.chess.com"]